 Dungeon Crawl Stone Soup version 0.28-a0-1184-g53156a8862 (webtiles) character file.

Game seed: 12062052418704431582

23 fragbeetle the Ruffian (level 2, 0/23 HPs)
             Began as a Draconian Transmuter on Dec 17, 2021.
             Succumbed to an adder's poison
             ... on level 3 of the Dungeon.
             The game lasted 00:01:36 (602 turns).

fragbeetle the Ruffian (Draconian Transmuter)        Turns: 602, Time: 00:01:37

Health: 0/23       AC:  4    Str: 12    XL:     2   Next: 75%
Magic:  5/5        EV: 12    Int: 13    God:
Gold:   67         SH:  0    Dex: 11    Spells: 4/5 levels left

rFire   . . .      SeeInvis .     - Unarmed
rCold   . . .      Faith    .   (no shield)
rNeg    . . .      Spirit   .   (armour unavailable)
rPois   .          Reflect  .   (helmet restricted)
rElec   .          Harm     .   (no cloak)
rCorr   .          Rampage  .   (no gloves)
Will    .....                   (no boots)
Stlth   +.........              (no amulet)
HPRegen 0.07/turn               (no ring)
MPRegen 0.09/turn               (no ring)

@: lethally poisoned (0 -> -3), attractive
A: AC +4, unfitting armour, cold-blooded
a: no special abilities


You were on level 3 of the Dungeon.
You visited 1 branch of the dungeon, and saw 3 of its levels.

You collected 67 gold pieces.

Inventory:

Missiles
 a - 2 boomerangs
 b - 4 stones
Scrolls
 c - a scroll of magic mapping {unknown}


   Skills:
 - Level 1.1 Fighting
 - Level 1.7 Dodging
 + Level 3.5 Unarmed Combat
 - Level 2.0 Spellcasting
 + Level 2.7 Transmutations


You had 4 spell levels left.
You knew the following spells:

 Your Spells              Type           Power      Damage    Failure   Level
a - Beastly Appendage     Tmut           16%        N/A       9%          1

Your spell library contained the following spells:

 Spells                   Type           Power      Damage    Failure   Level
 Wereblood                Tmut           8%         N/A       12%         2
 Spider Form              Tmut/Pois      4%         N/A       41%         3
 Ice Form                 Ice/Tmut       4%         N/A       82%         4
 Petrify                  Tmut/Erth      4%         N/A       82%         4
 Metabolic Englaciation   Hex/Ice        0%         N/A       100%        5
 Statue Form              Tmut/Erth      2%         N/A       100%        6


Dungeon Overview and Level Annotations

Branches:
Dungeon (3/15)

Altars:


Innate Abilities, Weirdness & Mutations

Your plain brown scales are hard. (AC +4)
You cannot fit into any form of body armour.
You are cold-blooded and may be slowed by cold attacks.


Message History

The adder closely misses you.
You feel sick. The adder bites you.
You feel sick.
Found a book of Armaments.
You feel sick.
You are no longer poisoned.
The adder bites you.
A ball python comes into view.
The ball python hisses angrily.
The adder bites you.
* * * LOW HITPOINT WARNING * * *
The adder barely misses you. The adder bites you but does no damage.
Found a faded altar of an unknown god.
The adder closely misses you.
There is an escape hatch in the floor here.
The adder barely misses you. The adder bites you but does no damage.
You slide downwards.
The hatch slams shut behind you.
You are too injured to fight recklessly!
You hit the adder.
Your tail-slap misses the adder.
The adder is moderately wounded.
The adder closely misses you.
You are too injured to fight recklessly!
You hit the adder.
The adder is heavily wounded.
The adder bites you.
* * * LOW HITPOINT WARNING * * *
You closely miss the adder. You tail-slap the adder.
The adder is almost dead.
The adder bites you.
* * * LOW HITPOINT WARNING * * *
You are lethally poisoned!
The adder poisons you!
You hit the adder.
You kill the adder!
* * * LOW HITPOINT WARNING * * *
You feel sick.
It was a potion of attraction.
You feel attractive to monsters.
* * * LOW HITPOINT WARNING * * *
You feel sick.
You die...

.### ......
... ......
.. ...... #.
.... #.##...
#....###
##......####
+..@.......^
##.####.####
#. .. ###


There were no monsters in sight!

Vanquished Creatures
  An adder (D:3)
  A dart slug (D:1)
  2 endoplasms (D:1)
  3 goblins (D:1)
  A hobgoblin (D:1)
  A kobold (D:1)
  A bat (D:1)
  A frilled lizard (D:1)
11 creatures vanquished.

Notes
Turn   | Place    | Note
-------+----------+-------------------------------------------
     0 | D:1      | fragbeetle the Draconian Transmuter began the quest for the
                  | Orb.
     0 | D:1      | Reached XP level 1. HP: 16/16 MP: 3/3
   415 | D:1      | Reached XP level 2. HP: 21/23 MP: 5/5
   569 | D:1      | You fall into a shaft and drop 1 floor!
   592 | D:2      | Found a faded altar of an unknown god.
   601 | D:3      | HP: 1/23 [poisoned by an adder]
   602 | D:3      | Succumbed to an adder's poison

Illustrated notes

Levels and vault maps discovered:
D:1:      dpeg_arrival_court, layout_loops_ring
D:2:      layout_loops_ring, ebering_ecumenical_altar_box,
          uniq_crazy_yiuf_cottage
D:3:      layout_basic, zin_treasury, mainiacjoe_overflow_concentric_impassable,
          mainiacjoe_overflow_surrounded_room, kennysheep_generic_room_8

Action                   || total
-------------------------++-------
Melee: Unarmed           ||    29
       Kick              ||     3
       Headbutt          ||     3
       Tailslap          ||     1
 Cast: Beastly Appendage ||     8
  Use: Potion            ||     1
Armor: Skin              ||    10
Dodge: Dodged            ||    18

Table legend: (Time is in decaauts)
 A = Elapsed time spent in this place.
 B = Non-inter-level travel time spent in this place.
 C = Inter-level travel time spent in this place.
 D = Time resting spent in this place.
 E = Time spent auto-exploring this place.
 F = Levels seen in this place.
 G = Mean time per level.
                   A        B        C        D        E       F      G
               +--------+--------+--------+--------+--------+-----+--------+
         Total |    601 |    601 |      0 |      0 |    460 |   3 |  200.3 |
       Dungeon |    601 |    601 |      0 |      0 |    460 |   3 |  200.3 |
               +--------+--------+--------+--------+--------+-----+--------+

Top non-repeatable levels by time:
     D:1: 568 daAuts
     D:2: 26 daAuts
     D:3: 5 daAuts
